 Dungeon Crawl Stone Soup version 0.30.1-8-g117510f58f (webtiles) character file.

Game seed: 5156220686710386159

7647 Anriel the Knight (level 11, 0/76 (79) HPs)
             Began as a Human Gladiator on Sept 22, 2023.
             Was a Priest of Okawaru.
             Slain by a boulder beetle (4 damage)
             ... on level 8 of the Dungeon.
             The game lasted 00:53:59 (9509 turns).

Anriel the Knight (Human Gladiator)                 Turns: 9509, Time: 00:53:59

HP:   0/76 (79)     AC: 26    Str: 11 (14) XL:     11   Next: 41%
MP:   18/18         EV:  7    Int:  7 (10) God:    Okawaru [***...]
Gold: 380           SH:  0    Dex: 17 (18) Spells: 10/10 levels left

rFire   . . .        G - +3 long sword (freeze)
rCold   . . .        (no shield)
rNeg    . . .        H - +0 plate armour
rPois   +            c - +2 helmet
rElec   .            i - +0 cloak
rCorr   .            (no gloves)
SInv    .            l - +0 pair of boots
Will    .....        (no amulet) Stlth
                     g - ring of poison resistance
HPRegen 0.32/turn    p - +4 ring of protection
MPRegen 0.16/turn

%: no passive effects
@: heroic, lightly drained
A: no striking features
a: Renounce Religion, Heroism


You were on level 8 of the Dungeon.
You worshipped Okawaru.
Okawaru was most pleased with you.
You visited 2 branches of the dungeon, and saw 11 of its levels.
You also visited: Sewer and Bailey.

You collected 706 gold pieces.
You spent 326 gold pieces at shops.

Inventory:

Hand Weapons
 a - a +0 scimitar of venom
 e - the +11 spear of Bellicose Exoneration {heavy, +Blink rElec Int+3 Dex+4}
   (You found it on level 7 of the Dungeon)

   Int:       It affects your intelligence (+3).
   Dex:       It affects your dexterity (+4).
   rElec:     It insulates you from electricity.
   +Blink:    It lets you blink.
 G - a +3 long sword of freezing (weapon)
Missiles
 j - 14 boomerangs (quivered)
 y - a silver javelin
 B - 3 javelins
Armour
 c - a +2 helmet (worn)
 i - a +0 cloak (worn)
 l - a +0 pair of boots (worn)
 H - a +0 plate armour (worn)
 J - the +3 ring mail "Eloomiat" {Contam Regen+ Str+6 Slay-5}
   (You took it off an orc warrior in a bailey)

   Str:       It affects your strength (+6).
   Slay:      It affects your accuracy & damage with ranged weapons and melee
   (-5).
   Contam:    It causes magical contamination when unequipped.
   Regen:     It increases your rate of health regeneration.
Jewellery
 g - a ring of poison resistance (left hand)
 n - a +5 ring of evasion
 p - a +4 ring of protection (right hand)
 I - a +6 ring of intelligence
Wands
 w - a wand of digging (9)
 F - a wand of paralysis (4)
Scrolls
 f - 4 scrolls of fog
 t - 3 scrolls of immolation
 u - a scroll of teleportation
 C - 2 scrolls of enchant weapon
Potions
 b - 3 potions of mutation
 h - 4 potions of flight
 k - a potion of magic {unknown}
 m - a potion of heal wounds {unknown}
 o - 2 potions of cancellation
 q - a potion of might {unknown}
 s - a potion of resistance {unknown}
 v - 5 potions of brilliance
 x - 2 potions of curing {unknown}
 z - 2 potions of lignification {unknown}
 A - 2 potions of degeneration
 D - a potion of haste {unknown}
 E - a potion of berserk rage {unknown}


   Skills:
 - Level 5.0(10.0) Fighting
 + Level 7.6(12.6) Long Blades
 - Level 5.3(10.3) Throwing
 + Level 8.2(13.2) Armour
 - Level 5.4(10.4) Dodging
 * Level 9.5 Invocations
 - Level 5.0 Evocations


You had 10 spell levels left.
You didn't know any spells.
Your spell library contained the following spells:

 Spells                   Type           Power      Damage    Failure   Level
 Apportation              Tloc           0%         N/A       100%        1
 Necrotise                Necr           0%         1d4       100%        1
 Slow                     Hex            0%         N/A       100%        1
 Cigotuvi's Dreadful Rot  Necr/Pois/Air  0%         N/A       100%        2
 Lesser Beckoning         Tloc           0%         N/A       100%        2
 Sublimation of Blood     Necr           0%         N/A       100%        2
 Confusing Touch          Hex            0%         N/A       100%        3
 Dazzling Flash           Conj/Hex       0%         N/A       100%        3
 Gell's Gravitas          Tloc           0%         N/A       100%        3
 Inner Flame              Hex/Fire       0%         N/A       100%        3
 Portal Projectile        Hex/Tloc       0%         N/A       100%        3
 Teleport Other           Tloc           0%         N/A       100%        3
 Vampiric Draining        Necr           0%         2d6       100%        3
 Dispel Undead            Necr           0%         3d6       100%        4
 Flame Wave               Conj/Fire      0%         2d4       100%        4
 Petrify                  Tmut/Erth      0%         N/A       100%        4
 Sticky Flame             Conj/Fire      0%         2d3       100%        4
 Agony                    Necr           0%         N/A       100%        5
 Alistair's Intoxication  Tmut/Pois      0%         N/A       100%        5
 Blade Hands              Tmut           0%         N/A       100%        5
 Irradiate                Conj/Tmut      0%         3d11      100%        5
 Silence                  Hex/Air        0%         N/A       100%        5
 Dispersal                Tloc           0%         N/A       100%        6
 Summon Small Mammal      Summ           Unusable   N/A       N/A         1
 Tukima's Dance           Hex            Unusable   N/A       N/A         3
 Death Channel            Necr           Unusable   N/A       N/A         6

Dungeon Overview and Level Annotations

Branches:
Dungeon (10/15)            Temple (1/1) D:6           Sewer (visited)
 Bailey (visited)
   Lair: D:8-11         Orc: D:9-12

Altars:
Ashenzari
Dithmenos
Fedhas
Gozag
Hepliaklqana
Kikubaaqudgha
Makhleb
Nemelex Xobeh
Okawaru
Qazlal
Ru
Sif Muna
Trog
Uskayaw
Vehumet
Wu Jian
Xom
Yredelemnul
The Shining One

Shops:
D:6 (

Annotations:
D:9 Erica


Message History

The boomerang hits the boulder beetle and shatters, but does no damage.
The boulder beetle is severely wounded.
Throw: 14 boomerangs
Press: ? - help, Q - select action, (/) - cycle Shift-Dir - straight line, f/p - boulder beetle
Aim: a boulder beetle (heavily wounded, 92% to hit)
You throw a boomerang.
The boomerang hits the boulder beetle but does no damage.
The boulder beetle is heavily wounded.
Throw: 14 boomerangs
Press: ? - help, Q - select action, (/) - cycle Shift-Dir - straight line, f/p - boulder beetle
Aim: a boulder beetle (heavily wounded, 92% to hit)
You throw a boomerang.
The boomerang hits the boulder beetle but does no damage.
The boulder beetle is heavily wounded.
Throw: 14 boomerangs
Press: ? - help, Q - select action, (/) - cycle Shift-Dir - straight line, f/p - boulder beetle
Aim: a boulder beetle (heavily wounded, 92% to hit)
You throw a boomerang.
The boomerang hits the boulder beetle but does no damage.
The boulder beetle is heavily wounded.
Throw: 14 boomerangs
Press: ? - help, Q - select action, (/) - cycle Shift-Dir - straight line, f/p - boulder beetle
Aim: a boulder beetle (heavily wounded, 92% to hit)
You throw a boomerang. The boomerang hits the boulder beetle.
The boulder beetle is heavily wounded.
Unknown command.
The boulder beetle curls into a ball and begins rolling!
There is a stone staircase leading down here.
You hit the boulder beetle but do no damage.
The boulder beetle is heavily wounded.
The boulder beetle hits you!
* * * LOW HITPOINT WARNING * * *
The boulder beetle stops rolling and uncurls.
Unknown command.
Okay, then.
It was a potion of degeneration.
There was something very wrong with that liquid.
You feel weakened.
You feel dopey.
You feel clumsy. The boulder beetle bites you.
You die...

#.....# #.....###..
##...#### ###........
#..#...## #######.#
#.#.###.## #.# #..##
##.##########)# #..#
#..........<.# #..##
##.###.########
#.#.###.## #.# #
#.#.@B°°####.########
#...###..............
###.###..############
##...#.# ##.##.#
#....# ######


You could see a boulder beetle.

Vanquished Creatures
  A two-headed ogre (D:8)
  An orc knight (Bailey)
  An ugly thing (D:8)
  Grinder (D:5)
  Sigmund (D:6)
  2 wraiths (D:9)
  A steam dragon (D:8)
  2 sky beasts (D:7)
  11 orc warriors
  3 ice beasts
  4 black bears
  3 centaurs
  4 ogres
  10 kobold brigands
  2 phantoms (D:6)
  2 bullfrogs
  3 scorpions
  9 wights
  4 killer bees (D:7)
  5 howler monkeys
  4 orc priests
  Crazy Yiuf (D:5)
  2 gnoll boudas
  2 jellies
  A sleepcap (D:7)
  Terence (D:3)
  4 iguanas
  8 orc wizards
  12 gnolls
  5 river rats
  14 adders
  A white imp (D:6)
  4 ufetubi
  A worm (D:4)
  2 dart slugs
  24 orcs
  5 endoplasms
  2 giant cockroaches (D:2)
  9 hobgoblins
  21 kobolds
  3 quokkas (D:4)
  12 ball pythons
  3 bats
  9 frilled lizards
  4 goblins
  5 rats
229 creatures vanquished.

Notes
Turn   | Place    | Note
-------+----------+-------------------------------------------
     0 | D:1      | Anriel the Human Gladiator began the quest for the Orb.
     0 | D:1      | Reached XP level 1. HP: 16/16 MP: 1/1
   238 | D:1      | Reached skill level 1 in Armour
   238 | D:1      | Reached XP level 2. HP: 19/22 MP: 2/2
   640 | D:2      | Reached XP level 3. HP: 28/28 MP: 3/3
   827 | D:2      | Reached XP level 4. HP: 27/34 MP: 4/4
  1110 | D:2      | Found a faded altar of an unknown god.
  1340 | D:3      | Reached XP level 5. HP: 23/40 MP: 5/5
  1589 | D:3      | Noticed Terence
  1615 | D:3      | Killed Terence
  1616 | D:3      | Reached XP level 6. HP: 17/47 MP: 6/6
  2284 | D:4      | Found a glowing drain.
  2301 | Sewer    | Entered a sewer
  2869 | D:4      | Noticed an ogre
  2887 | D:4      | Killed an ogre
  2888 | D:4      | Reached XP level 7. HP: 39/55 MP: 7/7
  3000 | D:4      | Found a sacrificial altar of Ru.
  3215 | D:5      | Entered Level 5 of the Dungeon
  3312 | D:5      | Reached skill level 5 in Fighting
  3347 | D:5      | Noticed Grinder
  3449 | D:5      | Killed Grinder
  3450 | D:5      | Reached XP level 8. HP: 44/62 MP: 8/8
  3660 | D:5      | Reached skill level 5 in Long Blades
  3724 | D:5      | Reached skill level 5 in Throwing
  3996 | D:5      | Found a runed translucent door.
  3997 | D:5      | Noticed Crazy Yiuf
  4005 | D:5      | Killed Crazy Yiuf
  4307 | D:6      | Reached skill level 1 in Evocations
  4411 | D:6      | Reached XP level 9. HP: 63/68 MP: 9/9
  4468 | D:6      | Found Querph Qoat's Weapon Boutique.
  4476 | D:6      | Bought a +3 long sword of freezing for 326 gold pieces
  4535 | D:6      | Found a staircase to the Ecumenical Temple.
  4546 | Temple   | Entered the Ecumenical Temple
  4569 | Temple   | Became a worshipper of Warmaster Okawaru
  4914 | D:6      | Reached skill level 5 in Armour
  4914 | D:6      | Reached skill level 5 in Dodging
  5160 | D:6      | Noticed Sigmund
  5172 | D:6      | Killed Sigmund
  5192 | D:6      | Reached * piety under Okawaru
  5221 | D:6      | Reached skill level 1 in Invocations
  5444 | D:7      | Reached skill level 2 in Invocations
  5648 | D:7      | Reached skill level 3 in Invocations
  5724 | D:7      | Identified the +11 spear of Bellicose Exoneration {heavy,
                  | +Blink rElec Int+3 Dex+4}
  5799 | D:7      | Reached skill level 4 in Invocations
  5799 | D:7      | Reached XP level 10. HP: 23/74 MP: 11/13
  5904 | D:7      | Reached skill level 5 in Evocations
  6312 | D:7      | Reached skill level 5 in Invocations
  6317 | D:7      | Reached ** piety under Okawaru
  6412 | D:8      | Found a transporter.
  6414 | D:8      | Found a transporter.
  6515 | D:8      | Noticed a two-headed ogre
  6528 | D:8      | Killed a two-headed ogre
  6529 | D:8      | Reached skill level 6 in Invocations
  6692 | D:8      | Found a blossoming altar of Fedhas.
  6749 | D:8      | Reached *** piety under Okawaru
  7147 | D:8      | Reached skill level 7 in Invocations
  7565 | D:9      | Noticed a red ugly thing
  7585 | D:8      | Killed a red ugly thing
  7694 | D:9      | Reached XP level 11. HP: 26/79 MP: 16/16
  7701 | D:9      | Received a gift from Okawaru
  7702 | D:9      | Reached skill level 8 in Invocations
  7706 | D:9      | Found a flagged portal.
  7838 | Bailey   | Entered a bailey
  8292 | Bailey   | Noticed an orc knight
  8355 | Bailey   | Killed an orc knight
  8356 | Bailey   | Reached skill level 9 in Invocations
  8372 | Bailey   | Identified the +3 ring mail "Eloomiat" {Contam Regen+ Str+6
                  | Slay-5}
  8380 | Bailey   | Reached **** piety under Okawaru
  8474 | Bailey   | Found a burning altar of Makhleb.
  8583 | D:9      | Noticed a boulder beetle
  8858 | D:10     | Entered Level 10 of the Dungeon
  9092 | D:9      | Noticed Erica
  9106 | D:9      | a snapping turtle changed into a moth of wrath
  9106 | D:9      | Noticed a moth of wrath (shapeshifter)
  9390 | D:9      | Identified the +6 morningstar of Discomfort {freeze, rF+
                  | Str-4 SInv}
  9390 | D:9      | Noticed a tengu warrior
  9454 | D:8      | HP: 2/76 [boulder beetle (26)]
  9509 | D:8      | Slain by a boulder beetle

Illustrated notes

Levels and vault maps discovered:
D:1:      lemuel_arrival_river_ford, layout_basic, minmay_gold_behind_fungi,
          minmay_lizard_pond
D:2:      layout_basic, basic_ecumenical_altar, supply_closet_lemuel
D:3:      layout_rooms, kennysheep_generic_room_8, uniq_terence
D:4:      layout_basic, mainiacjoe_overflow_concentric_impassable,
          gup_sewer_entry_bubbles, minivault_4
D:5:      layout_basic, uniq_crazy_yiuf_cottage, uniq_grinder
D:6:      layout_cave_pods, minmay_temple_entry_arrows, serial_shops, shop,
          grunt_decor_junction, uniq_sigmund
D:7:      layout_basic
D:8:      gammafunk_beogh_shrine, layout_loops_ring,
          mainiacjoe_overflow_catwalk, amcnicky_mini_pool_small,
          grunt_ministairs_8
D:9:      minmay_the_grid_triangle_9x9_recursive_2_mashed
          [minmay_the_grid_triangle_9x9_prize_schism,
          minmay_the_grid_triangle_9x9_subtriangle,
          minmay_the_grid_triangle_9x9_empty,
          minmay_the_grid_triangle_9x9_wacky_v], layout_rooms, enter_bailey_2,
          uniq_erica
D:10:     layout_cave_pools, chequers_temple_overflow_statue_of_worship,
          overflow_temple_1_default, david_orc_3, minmay_misc_feat_square,
          uniq_harold
Temple:   bh_familiar_temple

Skill      XL: |  1  2  3  4  5  6  7  8  9 10 11 |
---------------+----------------------------------+-----
Armour         | 1 2 3 4 6 7 8 |  8.2
Fighting       | 3 4 5 |  5.0
Throwing       | 3 4 5 |  5.3
Long Blades    | 4 5 6 7 |  7.6
Dodging        | 4 5 |  5.4
Evocations     | 1 4 5 |  5.0
Invocations    | 4 7 9 |  9.5

Action                     |  1- 3 |  4- 6 |  7- 9 | 10-12 || total
---------------------------+-------+-------+-------+-------++-------
  Melee: Long sword        |    85 |   236 |   169 |   306 ||   796
         Punch             |       |     1 |     5 |     8 ||    14
         Scimitar          |       |       |    62 |       ||    62
  Throw: Javelin           |     1 |     6 |     3 |    19 ||    29
         Throwing net      |       |     5 |     3 |     1 ||     9
         Boomerang         |       |       |    89 |   111 ||   200
 Invoke: Heroism           |       |       |     1 |     5 ||     6
         Finesse           |       |       |       |     1 ||     1
  Evoke: Wand              |       |       |       |     6 ||     6
    Use: Scroll            |     4 |    13 |     4 |     6 ||    27
         Potion            |       |     1 |     2 |     3 ||     6
   Stab: Held in net/web   |       |     2 |       |     2 ||     4
         Paralysed         |       |       |       |     7 ||     7
         Invisible         |       |       |       |     1 ||     1
 Armour: Leather armour    |     3 |       |       |       ||     3
         Ring mail         |    34 |    34 |       |       ||    68
         Chain mail        |       |   106 |   111 |       ||   217
         Plate armour      |       |       |    69 |   245 ||   314
  Dodge: Dodged            |    51 |   124 |   121 |   121 ||   417
